 Dungeon Crawl Stone Soup version 0.19-a0-1626-g5215c36 (webtiles) character file.

1151 sveltemanboy the Slasher (level 8, -4/56 HPs)
             Began as a Demonspawn Gladiator on Sept 18, 2016.
             Slain by an iguana (8 damage)
             ... on level 5 of the Dungeon.
             The game lasted 00:14:29 (5506 turns).

sveltemanboy the Slasher (Demonspawn Gladiator)     Turns: 5506, Time: 00:14:30

Health: -4/56      AC:  9    Str: 17    XL:     8   Next: 15%
Magic:  8/8        EV: 12    Int: 11    God:
Gold:   291        SH:  0    Dex: 13    Spells: 0 memorised, 7 levels left

rFire  . . .     SeeInvis .     a - +0 long sword
rCold  + . .     Gourm    .     t - +0 scale mail
rNeg   . . .     Faith    .     (no shield)
rPois  +         Spirit   .     c - +0 helmet
rElec  .         Dismiss  .     n - +0 cloak
rCorr  .         Reflect  .     (no gloves)
MR     .....     Harm     .     (no boots)
Stlth  ..........               (no amulet)
                                (no ring)
                                o - ring of poison resistance

@: no status effects
A: hooves 1, repulsion field 1, cold resistance 1, foul stench 1, rot immunity
a: no special abilities


You were on level 5 of the Dungeon.
You were very hungry.

You visited 1 branch of the dungeon, and saw 5 of its levels.

You collected 309 gold pieces.
You spent 18 gold pieces at shops.

Inventory:

Hand Weapons
 a - a +0 long sword (weapon)
Missiles
 d - 2 throwing nets
 j - 6 tomahawks of returning (quivered)
 l - 10 tomahawks
Armour
 c - a +0 helmet (worn)
 n - a +0 cloak (worn)
 t - a +0 scale mail (worn)
Jewellery
 o - a ring of poison resistance (left hand)
Wands
 D - a wand of flame (48/48)
Scrolls
 e - a scroll of blinking
 g - 3 scrolls of identify
 i - 4 scrolls of teleportation
 p - 3 scrolls of remove curse
 s - a scroll of amnesia
 y - a scroll of enchant armour {unknown}
 z - a scroll of enchant weapon {unknown}
 B - a scroll of random uselessness {unknown}
Potions
 q - a potion of might {unknown}
 C - a potion of mutation {unknown}
 E - a potion of lignification
 F - a potion of magic {unknown}
Comestibles
 f - 3 bread rations
 h - 4 beef jerkies
 u - a meat ration
 w - a slice of pizza
 A - a fruit


   Skills:
 - Level 2.0 Fighting
 * Level 7.7 Long Blades
 + Level 4.2 Throwing
 - Level 3.1 Armour
 - Level 2.6 Dodging


You had 7 spell levels left.
You didn't know any spells.

Dungeon Overview and Level Annotations

Branches:
Dungeon (5/15)
 Temple: D:4-7

Altars:
Kikubaaqudgha
Qazlal
Sif Muna
Zin

Shops:
D:4 (


Innate Abilities, Weirdness & Mutations

You have large cloven feet.
You are surrounded by a mild repulsion field. (EV +2)
Your flesh is cold resistant. (rC+)
You may emit foul miasma when damaged in melee.
You are immune to rotting.


Message History

You hit the iguana. You kick the iguana, but do no damage.
The iguana is severely wounded.
The iguana bites you but does no damage.
You closely miss the iguana.
The iguana is severely wounded.
The iguana bites you!
* * * LOW HITPOINT WARNING * * *
You closely miss the iguana. You kick the iguana, but do no damage.
The iguana is severely wounded.
The iguana bites you but does no damage.
You hit the iguana.
The iguana is severely wounded.
The iguana closely misses you.
You closely miss the iguana. You kick the iguana, but do no damage.
The iguana is severely wounded.
The iguana bites you but does no damage.
You hit the iguana but do no damage.
The iguana is severely wounded.
The iguana bites you!
You die...

#.#.#.# #.?.# #.....##
#§§## #......###§§#
#..###.....#####
#..###..†......########
#..>............#.....##
....##.................##
....##..................#
..#.#####.......@.......#
..#..## #)...<...l......#
.###..# #...............#
.####.###..>............#
.......##..............##
.####.#<......<.#.....##
(.# #...####...########
#.#####.######..# #..#
##...#####.#


You could see an iguana.

Vanquished Creatures
  2 phantoms
  3 ogres
  A centaur (D:5)
  A scorpion (D:4)
  A howler monkey (D:5)
  5 orc priests
  4 orc wizards
  An iguana (D:4)
  4 worker ants
  4 gnolls (D:2)
  2 adders (D:2)
  An adder skeleton (D:4)
  A worm (D:3)
  3 dart slugs
  5 leopard geckos
  16 orcs
  3 giant cockroaches
  4 goblins
  4 hobgoblins
  4 jackals (D:2)
  11 kobolds
  4 quokkas
  A ball python zombie (D:5)
  8 bats
  4 frilled lizards
  A giant cockroach zombie (D:5)
  5 rats
103 creatures vanquished.

Notes
Turn   | Place    | Note
-------+----------+-------------------------------------------
     0 | D:1      | sveltemanboy the Demonspawn Gladiator began the quest for the Orb.
     0 | D:1      | Reached XP level 1. HP: 16/16 MP: 1/1
   429 | D:1      | Reached skill level 3 in Long Blades
   589 | D:1      | Gained mutation: You are surrounded by a mild repulsion field. (EV +2) [demonic ancestry]
   589 | D:1      | Reached XP level 2. HP: 22/22 MP: 2/2
   872 | D:1      | Reached skill level 1 in Armour
  1088 | D:2      | Reached XP level 3. HP: 11/27 MP: 3/3
  1967 | D:2      | Gained mutation: You are immune to rotting. [demonic ancestry]
  1967 | D:2      | Reached XP level 4. HP: 33/33 MP: 4/4
  1974 | D:2      | Reached skill level 4 in Long Blades
  2366 | D:3      | Reached XP level 5. HP: 38/38 MP: 5/5
  3337 | D:4      | Noticed an ogre
  3349 | D:4      | Killed an ogre
  3349 | D:4      | Reached skill level 5 in Long Blades
  3349 | D:4      | Gained mutation: You may emit foul miasma when damaged in melee. [demonic ancestry]
  3349 | D:4      | Reached XP level 6. HP: 32/44 MP: 6/6
  3356 | D:4      | Found Osi Ryuf's Weapon Shop.
  3372 | D:4      | Bought 3 tomahawks for 18 gold pieces
  3773 | D:4      | Found a stormy altar of Qazlal.
  3773 | D:4      | Found a deep blue altar of Sif Muna.
  3855 | D:4      | Reached skill level 6 in Long Blades
  3855 | D:4      | Gained mutation: You have large cloven feet. [demonic ancestry]
  3855 | D:4      | Reached XP level 7. HP: 17/50 MP: 7/7
  5003 | D:5      | Entered Level 5 of the Dungeon
  5028 | D:5      | Reached skill level 7 in Long Blades
  5277 | D:5      | Gained mutation: Your flesh is cold resistant. (rC+) [demonic ancestry]
  5277 | D:5      | Reached XP level 8. HP: 46/56 MP: 8/8
  5279 | D:5      | Found a glowing silver altar of Zin.
  5281 | D:5      | Found an ancient bone altar of Kikubaaqudgha.
  5474 | D:5      | HP: 1/84 [sky beast (5)]
  5506 | D:5      | Slain by an iguana

Vault maps used:
D:1:      minmay_arrival_up_and_down
D:4:      gammafunk_temple_overflow_elements, serial_shops, nicolae_shop_stone,
          first_bread
D:5:      gammafunk_temple_overflow_statue

Skill      XL: |  1  2  3  4  5  6  7  8 |
---------------+-------------------------+-----
Long Blades    | 3 4 5 6 7 |  7.7
Armour         | 1 2 3 |  3.1
Throwing       | 2 3 4 |  4.2
Fighting       | |  2.0
Dodging        | |  2.6

Action                   |  1- 3 |  4- 6 |  7- 9 || total
-------------------------+-------+-------+-------++-------
Melee: Long sword        |    69 |    12 |    86 ||   167
       Dagger            |    71 |   172 |    91 ||   334
       Kick              |       |       |    40 ||    40
Throw: Tomahawk          |     3 |    16 |    23 ||    42
       Throwing net      |       |     1 |       ||     1
  Use: Potion            |     1 |       |     3 ||     4
       Scroll            |       |       |     7 ||     7
  Eat: Chunk             |     3 |     6 |     4 ||    13
       Fruit             |       |       |     1 ||     1
Armor: Leather armour    |     8 |       |       ||     8
       Ring mail         |    24 |     5 |       ||    29
       Scale mail        |       |    50 |    39 ||    89
       Skin              |       |       |    87 ||    87
Dodge: Dodged            |    77 |    65 |    69 ||   211
